 Dungeon Crawl Stone Soup version 0.28-b1-25-g9875b3fc8c (webtiles) character file.

Game seed: 18050658246076593787

18 tizbic2 the Ruffian (level 2, 0/25 HPs)
             Began as a Djinni Cinder Acolyte on Feb 3, 2022.
             Was a Follower of Jiyva.
             Slain by a fire elemental (10 damage)
             ... created by the fiery vengeance of Ignis
             ... on level 1 of the Dungeon.
             The game lasted 00:07:26 (877 turns).

tizbic2 the Ruffian (Djinni Cinder Acolyte)          Turns: 877, Time: 00:07:27

Health: 0/25       AC:  5    Str: 13    XL:     2   Next: 85%
Gold:   23         EV: 10    Int: 15    God:    Jiyva [*.....] SH:  0 Dex:  8

rFire   . . .      SeeInvis .   d - +0 dagger
rCold   x . .      Faith    .   (no shield)
rNeg    . . .      Spirit   .   h - +0 leather armour
rPois   ∞          Reflect  .   (no helmet)
rElec   .          Harm     .   g - +0 cloak
rCorr   .          Rampage  .   c - +0 pair of gloves
Will    .....                   (boots unavailable)
Stlth   +.........              (no amulet)
HPRegen 0.88/turn               (no ring)
MPRegen 0.00/turn               (no ring)

@: flying, fire susceptible
A: sickness immunity, fire resistance 2, cold vulnerability 1, float, innate
caster, HP casting, extra vitality 1
a: Renounce Religion


You were on level 1 of the Dungeon.
You worshipped Jiyva.
Jiyva was aware of your devotion.
You visited 1 branch of the dungeon, and saw 1 of its levels.

You collected 23 gold pieces.

Inventory:

Hand Weapons
 d - a +0 dagger (weapon)
Missiles
 b - 32 stones
Armour
 c - a +0 pair of gloves (worn)
 g - a +0 cloak (worn)
 h - a +0 leather armour (worn)
Scrolls
 f - a scroll of identify {unknown}
Potions
 e - a potion of brilliance {unknown}
 i - a potion of invisibility {unknown}


   Skills:
 + Level 3.3 Fighting
 + Level 3.3 Unarmed Combat
 + Level 2.6 Spellcasting


You had 4 spell levels left.
You knew the following spells:

 Your Spells              Type           Power      Damage    Failure   Level
a - Scorch                Fire           18%        2d5       14%         2
Your spell library was empty.

Dungeon Overview and Level Annotations

Branches:
Dungeon (1/15)

Altars:
Jiyva


Innate Abilities, Weirdness & Mutations

You are immune to sickness and miasma.
You are immune to poison.
Your flesh is very heat resistant. (rF++)
You are vulnerable to cold. (rC-)
You float through the air rather than walking.
You learn spells naturally, not from books.
Your magical power is your life essence.
You have superior vitality. (+4 MHP)


Message History

The quokka bites you but does no damage.
The bat hits you but does no damage.
The quokka bites you but does no damage.
You barely miss the quokka. The bat hits you but does no damage.
The quokka bites you. The bat misses you.
Casting: Scorch (safe; 14% risk of failure)
Confirm with . or Enter, or press ? or * to list all spells.
Flames lash the quokka.
You kill the quokka!
The bat hits you but does no damage. The bat barely misses you.
Casting: Scorch (safe; 14% risk of failure)
Confirm with . or Enter, or press ? or * to list all spells.
Flames lash the bat.
You kill the bat!
You hear a slurping noise.
You see here a quokka corpse.
You reach down and open the door.
There is an open door here.
You see here a quokka corpse.
There is a stone staircase leading down here.
You hear a series of splatters.
You hear a distant slurping noise.
You hear a distant slurping noise.
You hear a distant slurping noise.
You hear a squelching noise.
You hear a distant slurping noise. "Betrayer!
Apostate!
Perish!" 3 fire elementals come into view.
Press: ? - help, v - describe, . - travel The floor.
Unknown command.
The fire elemental completely misses you.
You hear a distant slurping noise.
The fire elemental hits you. The fire elemental burns you!
Ouch! That really hurt!
The fire elemental closely misses you. The fire elemental hits you.
The fire elemental burns you!
* * * LOW HITPOINT WARNING * * *
The fire elemental hits you. The fire elemental burns you!
You die...

:# ##.# #.### ######.....####.#
.#####[###...# #.'.....<.....'..
........##.#.####.####.....######
.#####.....#.......#..#...#..#.##
...####..#.........#.#.#.#.#.#..#
(#...###..#.#####..##..#.#..##..#
.#...# ##....#####..####.####...#
.....## ###....###.....#+#......#
......# ##.#EE@..###...........
......# #.☼###..##..#J####....
......# ##○# #........# #...>.
#.###..# #○# #.##....####.....
#.## ...# #E# #.#..#...........
#..###..#####.###.#.##.#####.....
........##...○.○E.#...○# #.....
........##......°....### #.....
........##.......○°#.#######.....


You could see 2 fire elementals.

Vanquished Creatures
  2 bats (D:1)
  An endoplasm (D:1)
  A giant cockroach (D:1)
  A goblin (D:1)
  2 hobgoblins (D:1)
  A kobold (D:1)
  2 quokkas (D:1)
  2 ball pythons (D:1)
  A frilled lizard (D:1)
  3 rats (D:1)
16 creatures vanquished.

Vanquished Creatures (others)
  A rat (D:1)
  36 foxfires (D:1)
37 creatures vanquished.

Grand Total: 53 creatures vanquished

Notes
Turn   | Place    | Note
-------+----------+-------------------------------------------
     0 | D:1      | tizbic2 the Djinni Cinder Acolyte began the quest for the
                  | Orb.
     0 | D:1      | Reached XP level 1. HP: 20/20 MP: 0/0
   268 | D:1      | Reached XP level 2. HP: 22/25 MP: 0/0
   610 | D:1      | Found a faded altar of an unknown god.
   633 | D:1      | Prayed at the altar of an unknown god.
   633 | D:1      | Fell from the grace of Ignis
   633 | D:1      | Became a worshipper of Jiyva Joariem the Shapeless
   633 | D:1      | Reached * piety under Jiyva
   863 | D:1      | Noticed a fire elemental
   863 | D:1      | Noticed a fire elemental
   863 | D:1      | Noticed a fire elemental
   877 | D:1      | Slain by a fire elemental

Illustrated notes

Levels and vault maps discovered:
D:1:      nzn_arrival_crosshair, layout_rooms,
          hellmonk_ecumenical_altar_lost_god, minivault_25

Action                   || total
-------------------------++-------
Melee: Dagger            ||    58
       Unarmed           ||     6
 Cast: Scorch            ||     2
Invok: Foxfire Swarm     ||     2
  Use: Scroll            ||     1
Armor: Robe              ||    15
       Leather armour    ||    12
Dodge: Dodged            ||    49
